 Dungeon Crawl Stone Soup version 0.23-a0-33-g1e3a2e4e2f (webtiles) character file.

243392 Htamos the Slayer (level 20, -2/151 HPs)
             Began as a Kobold Berserker on Aug 5, 2018.
             Was the Champion of Trog.
             Succumbed to a green very ugly thing's poison
             ... on level 4 of the Swamp.
             The game lasted 03:15:20 (55624 turns).

Htamos the Slayer (Kobold Berserker)               Turns: 55624, Time: 03:15:21

Health: -2/151     AC: 16    Str: 21    XL:     20   Next: 67%
Magic:  25/25      EV: 25    Int:  9    God:    Trog [******]
Gold:   1919       SH: 13    Dex: 20    Spells: 19/19 levels left

rFire    . . .     SeeInvis .   V - +8 short sword (speed)
rCold    + . .     Gourm    .   L - +2 shield
rNeg     . . .     Faith    +   B - +2 robe of Vines {NoPotionHeal Regen+7}
rPois    +         Spirit   .   x - +2 helmet
rElec    .         Reflect  .   h - +0 cloak
rCorr    .         Harm     .   Q - +2 pair of gloves of Zin's Reproof {rPois rC+}
MR       +++..                  Z - +2 pair of boots {run}
Stlth    +++.......             R - amulet of faith
HPRegen  4.15/turn              v - ring of poison resistance
MPRegen  0.19/turn              P - +4 ring of dexterity

@: lethally poisoned (-2 -> -8), regenerating, very slow
A: small, carnivore, low mp 1
}: 1/15 runes: serpentine
a: Berserk, Trog's Hand, Brothers in Arms, Renounce Religion


You were on level 4 of the Swamp.
You worshipped Trog.
Trog was exalted by your worship.
You were full.

You visited 6 branches of the dungeon, and saw 30 of its levels.
You also visited: Labyrinth.

You collected 4487 gold pieces.
You spent 2568 gold pieces at shops.

Inventory:

Hand Weapons
 n - a +6 antimagic quick blade
 N - a +4 scimitar of flaming
 T - a +1 scimitar of holy wrath
 V - a +8 short sword of speed (weapon)
Missiles
 a - 42 tomahawks (quivered)
Armour
 h - a +0 cloak (worn)
 x - a +2 helmet (worn)
 B - the +2 robe of Vines (worn) {NoPotionHeal Regen+7}
   (You bought it in a shop on level 2 of the Elven Halls)

   It increases your rate of regeneration.
 F - a +2 buckler
 L - a +2 shield (worn)
 Q - the +2 pair of gloves of Zin's Reproof (worn) {rPois rC+}
   (You found it on level 1 of the Elven Halls)

   It protects you from cold.
   It protects you from poison.
 Z - a +2 pair of boots of running (worn)
Jewellery
 q - an uncursed ring of positive energy
 r - an uncursed ring of protection from magic
 v - a ring of poison resistance (left hand)
 w - an uncursed ring of see invisible
 y - an uncursed ring of protection from cold
 P - a +4 ring of dexterity (right hand)
 R - an amulet of faith (around neck)
 Y - an uncursed ring of protection from fire
Wands
 p - a wand of acid (6)
 M - a wand of polymorph (31)
 O - a wand of iceblast (3)
 X - a wand of flame (42)
Scrolls
 d - 3 scrolls of remove curse
 f - 2 scrolls of summoning
 g - 3 scrolls of teleportation
 k - a scroll of fear
 m - a scroll of brand weapon
 C - a scroll of fog
 E - 4 scrolls of identify
 H - 5 scrolls of immolation
Potions
 e - 5 potions of mutation
 i - a potion of cancellation
 s - 3 potions of flight
 u - a potion of magic
 A - 2 potions of might
 D - a potion of ambrosia
 G - 2 potions of curing
 J - 3 potions of agility
 K - a potion of haste
 W - 3 potions of lignification
Miscellaneous
 b - a phial of floods
 l - a phantom mirror
 o - a box of beasts
 t - a sack of spiders
 z - a lightning rod (4/4)
 U - a lamp of fire (inert)
Comestibles
 c - 54 rations


   Skills:
 + Level 24.4 Fighting
 - Level 14.5 Short Blades
   Level 7.7 Crossbows
 - Level 8.0 Throwing
 - Level 10.4 Armour
 - Level 13.1 Dodging
 - Level 14.9 Stealth
 - Level 5.7 Shields
 - Level 10.9 Evocations


You had 19 spell levels left.
You didn't know any spells.
Your spell library was empty.

Dungeon Overview and Level Annotations

Branches:
Dungeon (11/15)            Temple (0/1) D:6            Lair (6/6) D:8
  Swamp (4/4) Lair:2        Snake (4/4) Lair:3        Slime (0/5) Lair:5
    Orc (2/2) D:10            Elf (3/3) Orc:2

Altars:
Fedhas
Kikubaaqudgha
Qazlal
Sif Muna
Xom
Zin
Beogh

Shops:
Orc:2 [[*}:   Elf:2 ?[[(*

Portals:
Trove: D:11 (give +8 demon blade)

Annotations:
Lair:1 2 transporters, mushki's ghost, journeyman MiFi
Snake:3 3 runed doors, Paigra's ghost, adept DDFi
Elf:2 3 runed doors


Innate Abilities, Weirdness & Mutations

You are small and have problems with some larger weapons.
You are carnivorous and can eat meat at any time.
Your magical capacity is low. (-10% MP)


Message History

Your skin crawls.
You feel resistant to hostile enchantments.
You are engulfed in freezing vapours.
You resist.
* * * LOW HITPOINT WARNING * * *
You feel extremely sick.
The white very ugly thing looks as sick as possible!
The white very ugly thing trunk-slaps you!
* * * LOW HITPOINT WARNING * * *
The white very ugly thing freezes you! You resist.
* * * LOW HITPOINT WARNING * * *
Unknown command.
Okay, then.
Okay, then.
* * * LOW HITPOINT WARNING * * *
You feel extremely sick.
The white very ugly thing is engulfed in poison gas.
The white very ugly thing looks as sick as possible!
The shadow completely misses you.
Unknown command.
You die...

≈≈≈#.≈.##≈♣≈♣≈.♣ ♣.≈≈≈...♣♣♣
#≈..##.#§#§#.# ♣....≈≈≈.♣♣
≈≈≈≈≈##.≈≈≈§§§≈# ♣†≈..≈≈≈.≈♣
.###≈ #≈≈≈≈≈§§u♣
♣♣♣.≈≈≈≈≈≈... # ♣≈≈≈.≈.≈{u♣
♣♣≈.≈≈≈≈...≈.≈
≈≈#≈≈≈.#n#§#♣♣♣≈.≈≈≈≈≈≈.♣♣♣.
.≈#.≈≈.#.#≈#u♣÷...≈≈(≈≈≈.♣
♣♣ #
≈#≈≈≈.#≈♣W≈≈≈≈≈≈.≈.§≈.♣♣♣♣♣
≈#≈.≈≈#≈#§#@≈..≈≈≈.≈≈≈.♣ ♣≈.
.≈..≈#≈#≈.≈...≈≈≈≈≈≈≈.♣♣≈≈
####♣.≈.♣..≈.≈≈≈≈≈≈≈≈≈.≈≈
≈≈≈.....≈≈§≈≈≈≈≈≈.≈≈≈≈≈
.≈≈≈≈.≈≈.≈§≈≈≈≈≈≈≈≈≈≈≈≈≈
≈≈≈.≈≈≈.≈≈≈≈≈≈≈≈≈≈≈♣♣♣♣≈
...≈≈≈≈≈.≈≈≈≈≈≈≈≈≈♣♣ ♣♣
♣≈.≈≈≈≈≈♣♣≈≈♣.≈≈.♣ ♣ ♣.≈≈≈..
♣♣♣♣♣≈≈♣♣


You could see 2 very ugly things, a green ugly thing, a bog body and a shadow.

Vanquished Creatures
  A deep elf blademaster (Elf:3)
  4 deep elf master archers (Elf:3)
  2 thorn hunters
  Kirke (Snake:3)
  The ghost of Vailuq the Tortoise, an adept GrFi of Okawaru (Swamp:2)
  9 nagarajas
  The ghost of Joyc the Tortoise, a journeyman MiBe of Trog (Lair:5)
  6 deep elf sorcerers
  The ghost of nawrastar the Cruncher, a journeyman FoFi of Zin (Orc:1)
  6 deep elf elementalists (Elf:3)
  4 entropy weavers (Lair:4)
  A very ugly thing (Swamp:4)
  3 deep elf demonologists
  5 deep elf annihilators
  A green death (Swamp:4)
  5 deep elf death magi
  Erolcha (D:10)
  6 deep elf high priests
  Harold (D:7)
  13 naga warriors
  Fannar (Orc:1)
  14 anacondas
  The ghost of Fandomethor the Blocker, a journeyman GrFi of Okawaru (Lair:5)
  8 hydras
  Erica (D:7)
  3 ghost crabs
  3 catoblepae (Lair:6)
  3 two-headed ogres
  7 dancing weapons
  10 alligators
  7 death yaks (Lair:6)
  9 shock serpents
  3 orc high priests (Orc:2)
  10 naga sharpshooters
  10 spriggans
  16 deep elf knights
  6 salamander mystics
  5 fire crabs (Lair:4)
  3 spriggan druids
  9 sea snakes (Snake:4)
  4 naga ritualists
  7 swamp dragons
  12 deep elf archers
  A shambling mangrove (Swamp:2)
  4 lindwurms (Snake:4)
  Pikel (D:7)
  5 orc knights
  2 manticores (Lair:6)
  37 deep elf magi
  15 mana vipers
  A shining eye (Lair:6)
  An oklob plant (Lair:5)
  6 salamanders
  5 elephants (Lair:2)
  3 orc sorcerers
  31 black mambas
  Maurice (D:8)
  8 guardian serpents
  An eye of devastation (shapeshifter) (Elf:3)
  A torpor snail (Lair:3)
  An apocalypse crab (Lair:4)
  12 naga magi
  A centaur zombie (D:8)
  2 gargoyles (Lab)
  12 spiny frogs
  7 komodo dragons
  A rime drake (Lair:1)
  2 trolls
  A tengu conjurer (D:9)
  14 hornets
  18 slime creatures
  9 tyrant leeches
  A polar bear (Lair:1)
  Grinder (D:5)
  12 bog bodies
  8 blink frogs
  4 hippogriffs
  6 dream sheep (Lair:3)
  5 shadows
  4 water elementals
  3 wyverns
  A vampire (D:8)
  2 air elementals
  A wraith (D:11)
  A hog (Snake:3)
  46 yaks
  3 hungry ghosts
  2 fire elementals
  2 basilisks
  10 vampire mosquitoes
  A steam dragon (D:11)
  Menkaure (D:4)
  16 swamp worms
  32 nagas
  15 insubstantial wisps
  4 wargs
  Duvessa (D:7)
  An acid dragon (D:11)
  8 porcupines
  5 swamp drakes
  8 water moccasins
  3 hell hounds (Snake:3)
  A black bear (D:2)
  3 ice beasts
  22 orc warriors
  2 slaves (D:7)
  8 ogres
  A hornet zombie (D:9)
  5 centaurs
  4 phantoms
  8 wolves
  13 crocodiles
  A gnoll sergeant (D:8)
  8 bullfrogs
  An earth elemental (Elf:1)
  Dowan (D:7)
  2 scorpions
  A scorpion (shapeshifter) (Elf:2)
  12 killer bees (D:9)
  12 wights
  2 howler monkeys (D:10)
  An electric eel (Snake:4)
  4 crimson imps
  2 jellies
  3 hounds
  17 orc priests
  2 iguanas
  31 orc wizards
  4 hell rats (Lair:6)
  4 worker ants
  A killer bee zombie (D:6)
  A hound skeleton (D:7)
  Robin (D:3)
  A worker ant zombie (D:9)
  14 adders
  12 gnolls
  A howler monkey skeleton (D:7)
  3 shadow imps
  An adder zombie (D:9)
  3 adder skeletons
  2 worms
  2 dart slugs
  4 leopard geckos
  84 orcs
  4 giant cockroaches
  13 hobgoblins
  11 jackals
  4 quokkas
  A ball python (D:1)
  2 bats (D:2)
  7 frilled lizards
  19 goblins
  2 jackal zombies
  11 kobolds
  A leopard gecko skeleton (D:5)
  2 quokka skeletons
  4 rats
  A fungus (Lair:5)
  2 plants (Snake:4)
1023 creatures vanquished.

Vanquished Creatures (collateral kills)
  Saint Roka (Orc:2)
  The ghost of wont the Tortoise, an adept TrTm of Cheibriados (Elf:3)
  A deep elf blademaster (Elf:2)
  4 deep elf annihilators (Elf:3)
  Azrael (Snake:3)
  A minotaur (Lab)
  A deep elf death mage (Elf:3)
  2 catoblepae
  An anaconda (Snake:4)
  2 dancing weapons (Elf:1)
  A naga sharpshooter (Snake:2)
  A deep elf knight (Elf:1)
  An orc knight (Orc:2)
  A deep elf mage (Elf:1)
  An orc sorcerer (Orc:2)
  A naga mage (Snake:4)
  A polar bear (shapeshifter) (Elf:1)
  2 hogs (Snake:3)
  3 fire elementals (Snake:3)
  2 nagas (Snake:1)
  A hell hound (Snake:3)
  An orc warrior (Orc:2)
  An orc priest (Orc:2)
32 creatures vanquished.

Vanquished Creatures (others)
  A naga warrior (Snake:4)
  A shock serpent (Snake:4)
  An orc knight (Orc:2)
  An orc sorcerer (Orc:2)
  A naga (Snake:4)
  2 swamp worms (Swamp:4)
  3 insubstantial wisps (Swamp:4)
  An orc warrior (Orc:2)
  A swamp drake (Swamp:2)
  2 slaves (D:7)
  An orc wizard (Orc:2)
  11 fungi
  43 plants
69 creatures vanquished.

Grand Total: 1124 creatures vanquished

Notes
Turn   | Place    | Note
-------+----------+-------------------------------------------
     0 | D:1      | Htamos the Kobold Berserker began the quest for the Orb.
     0 | D:1      | Reached XP level 1. HP: 14/14 MP: 1/1
   534 | D:1      | Reached XP level 2. HP: 17/19 MP: 2/2
   846 | D:1      | Reached skill level 1 in Stealth
  1136 | D:2      | Reached XP level 3. HP: 23/23 MP: 3/3
  1252 | D:2      | Noticed a bullfrog
  1265 | D:2      | Killed a bullfrog
  1265 | D:2      | Reached skill level 1 in Throwing
  1265 | D:2      | Reached XP level 4. HP: 29/29 MP: 4/4
  1435 | D:2      | Reached XP level 5. HP: 24/33 MP: 5/5
  1593 | D:2      | Reached skill level 4 in Fighting
  1853 | D:2      | Noticed a black bear
  1872 | D:2      | Killed a black bear
  1872 | D:2      | Reached skill level 5 in Short Blades
  1872 | D:2      | Reached XP level 6. HP: 23/38 MP: 6/6
  2205 | D:2      | Reached ** piety under Trog
  3505 | D:3      | Noticed Robin
  3517 | D:3      | Killed Robin
  3853 | D:4      | Reached XP level 7. HP: 44/44 MP: 7/7
  4363 | D:4      | Noticed Menkaure
  4370 | D:4      | Killed Menkaure
  5067 | D:4      | Reached XP level 8. HP: 39/48 MP: 8/8
  5224 | D:5      | Entered Level 5 of the Dungeon
  5272 | D:5      | Noticed a two-headed ogre
  5287 | D:5      | Killed a two-headed ogre
  5287 | D:5      | Reached skill level 5 in Fighting
  5287 | D:5      | Reached skill level 5 in Dodging
  5287 | D:5      | Reached skill level 5 in Stealth
  5348 | D:5      | Found a stormy altar of Qazlal.
  5401 | D:5      | Reached XP level 9. HP: 54/55 MP: 9/9
  5895 | D:5      | Reached skill level 6 in Fighting
  5979 | D:5      | Reached *** piety under Trog
  6421 | D:5      | Noticed Grinder
  6432 | D:5      | Killed Grinder
  7023 | D:6      | Reached skill level 5 in Throwing
  7182 | D:6      | Found a staircase to the Ecumenical Temple.
  7404 | D:6      | Found a glowing silver altar of Zin.
  7404 | D:6      | Found an ancient bone altar of Kikubaaqudgha.
  7405 | D:6      | Found a shimmering altar of Xom.
  7447 | D:6      | Received a gift from Trog
  7773 | D:7      | Noticed Harold
  7786 | D:7      | Killed Harold
  7786 | D:7      | Reached skill level 7 in Fighting
  7786 | D:7      | Reached XP level 10. HP: 40/63 MP: 10/10
  8119 | D:7      | Reached skill level 5 in Armour
  8536 | D:7      | Noticed Duvessa
  8546 | D:7      | Noticed Dowan
  8552 | D:7      | Noticed Pikel
  8578 | D:7      | Killed Duvessa
  8585 | D:7      | Killed Dowan
  8636 | D:7      | Killed Pikel
  8706 | D:7      | Found a blossoming altar of Fedhas.
  9438 | D:8      | Noticed Erica
  9734 | D:7      | Killed Erica
 10204 | D:8      | Noticed a two-headed ogre
 10221 | D:8      | Killed a two-headed ogre
 10221 | D:8      | Reached skill level 8 in Fighting
 10221 | D:8      | Reached skill level 1 in Evocations
 10221 | D:8      | Reached XP level 11. HP: 68/68 MP: 10/12
 10412 | D:8      | Found a staircase to the Lair.
 10539 | D:8      | Noticed Maurice
 10696 | D:8      | Found a deep blue altar of Sif Muna.
 10757 | D:8      | Killed Maurice
 11723 | D:9      | Reached skill level 10 in Short Blades
 11849 | D:9      | Reached **** piety under Trog
 12144 | D:9      | Got an encrusted battleaxe
 12632 | D:10     | Entered Level 10 of the Dungeon
 13221 | D:10     | Found a stormy altar of Qazlal.
 13454 | D:10     | Noticed a two-headed ogre
 13462 | D:10     | Killed a two-headed ogre
 13874 | D:10     | Noticed Erolcha
 13890 | D:10     | Killed Erolcha
 13890 | D:10     | Reached skill level 10 in Stealth
 13910 | D:10     | Found a staircase to the Orcish Mines.
 13967 | D:10     | Reached skill level 1 in Shields
 14089 | D:10     | Reached XP level 12. HP: 59/75 MP: 15/15
 15827 | D:10     | Reached skill level 9 in Fighting
 16291 | D:11     | Found a portal to a secret trove of treasure.
 16313 | D:11     | Noticed a five-headed hydra
 16330 | D:11     | Killed a one-headed hydra
 16584 | D:11     | Noticed Psyche
 16591 | D:11     | Noticed Psyche
 16591 | D:11     | Psyche changed into Psyche the acid dragon
 16595 | D:11     | Killed Psyche the acid dragon
 16755 | Lair:1   | Entered Level 1 of the Lair of Beasts
 16850 | Lair:1   | Reached skill level 5 in Evocations
 17152 | Lair:1   | Noticed mushki's ghost (journeyman MiFi)
 17736 | Lair:1   | Found a transporter.
 17905 | Lair:1   | Found a transporter.
 17999 | Lair:1   | Noticed a five-headed hydra
 18006 | Lair:1   | Killed a one-headed hydra
 18734 | Lair:2   | Reached skill level 10 in Dodging
 18734 | Lair:2   | Reached XP level 13. HP: 76/80 MP: 17/17
 19500 | Lair:2   | Found a staircase to the Swamp.
 19620 | Lair:2   | Received a gift from Trog
 20456 | Lair:3   | Reached skill level 10 in Fighting
 20828 | Lair:3   | Found a staircase to the Snake Pit.
 22611 | Lair:4   | Found a runed door.
 23006 | Lair:4   | Noticed an entropy weaver
 23308 | Lair:4   | Killed an entropy weaver
 23322 | Lair:4   | Noticed an entropy weaver
 23329 | Lair:4   | Killed an entropy weaver
 23340 | Lair:4   | Reached XP level 14. HP: 58/88 MP: 19/19
 23389 | Lair:4   | Noticed an entropy weaver
 23393 | Lair:4   | Killed an entropy weaver
 23526 | Lair:4   | Noticed an entropy weaver
 23535 | Lair:4   | Killed an entropy weaver
 23713 | Lair:4   | Got a pair of polished boots
 23715 | Lair:4   | Got a twisted ring mail
 23728 | Lair:4   | Identified the +4 ring mail of the Harvest Moon {rElec Slay+3} (You found it on level 4 of the Lair of Beasts)
 23733 | Lair:4   | Identified the cursed +0 pair of boots of the Monkey {*Drain +Inv rElec MR-} (You found it on level 4 of the Lair of Beasts)
 24261 | Lair:5   | Found a labyrinth entrance.
 24272 | Lab      | Entered a labyrinth
 24796 | Lab      | Noticed a minotaur
 24805 | Lab      | Killed a minotaur
 25108 | Lair:5   | Reached skill level 1 in Crossbows
 25277 | Lair:5   | Found a staircase to the Slime Pits.
 26021 | Lair:5   | Found a runed gate.
 26190 | Lair:5   | Found a runed gate.
 26190 | Lair:5   | Found a runed gate.
 26190 | Lair:5   | Noticed Joyc's ghost (journeyman MiBe)
 26191 | Lair:5   | Noticed Fandomethor's ghost (journeyman GrFi)
 26344 | Lair:5   | Killed Fandomethor's ghost
 26365 | Lair:5   | Killed Joyc's ghost
 26365 | Lair:5   | Reached skill level 5 in Shields
 26610 | Lair:6   | Entered Level 6 of the Lair of Beasts
 27424 | Lair:6   | Noticed Nessos
 27425 | Lair:6   | Noticed Nessos
 27425 | Lair:6   | Nessos changed into Nessos the shining eye
 27433 | Lair:6   | Gained mutation: Your magical capacity is low. (-10% MP) [Nessos]
 27435 | Lair:6   | Killed Nessos the shining eye
 27944 | Lair:6   | Reached skill level 11 in Fighting
 28424 | Lair:6   | Reached XP level 15. HP: 76/94 MP: 19/19
 29655 | Lair:6   | Identified a +1 pair of boots of running (You found it on level 6 of the Lair of Beasts)
 29993 | Orc:1    | Entered Level 1 of the Orcish Mines
 30002 | D:10     | Reached ***** piety under Trog
 30410 | Orc:2    | Entered Level 2 of the Orcish Mines
 30665 | Orc:2    | Found a staircase to the Elven Halls.
 30796 | Orc:2    | Noticed Saint Roka
 30879 | Orc:2    | Found Ime Lyav's Armour Boutique.
 31136 | Orc:1    | Noticed Fannar
 31151 | Orc:1    | Killed Fannar
 31392 | Orc:1    | Received a gift from Trog
 31625 | Orc:1    | Found a roughly hewn altar of Beogh.
 31626 | Orc:1    | Found a large runed door.
 31627 | Orc:1    | Found a large runed door.
 31629 | Orc:1    | Noticed nawrastar's ghost (journeyman FoFi)
 31900 | Orc:1    | Killed nawrastar's ghost
 32135 | Orc:1    | Received a gift from Trog
 33235 | Orc:2    | Killed Saint Roka
 33235 | Orc:2    | Reached skill level 5 in Crossbows
 34025 | Orc:2    | Paralysed by an orc sorcerer for 7 turns
 34474 | Orc:2    | Found Virooni's Book Emporium.
 34474 | Orc:2    | Found Zyrum's Armour Emporium.
 34477 | Orc:2    | Found Kanun's Gadget Boutique.
 34477 | Orc:2    | Found Ymeha's Assorted Antiques.
 34987 | Orc:2    | Bought a blackened marble ring for 175 gold pieces
 35005 | Orc:2    | Bought a wand of acid (11) for 360 gold pieces
 35044 | Elf:1    | Entered Level 1 of the Elven Halls
 35062 | Elf:1    | Received a gift from Trog
 35107 | Elf:1    | Got a pair of brightly glowing gloves
 35119 | Elf:1    | Identified the +2 pair of gloves of Zin's Reproof {rPois rC+} (You found it on level 1 of the Elven Halls)
 35920 | Elf:1    | Reached skill level 10 in Evocations
 35920 | Elf:1    | Reached XP level 16. HP: 84/101 MP: 7/21
 36146 | Elf:1    | Reached skill level 10 in Armour
 36549 | Elf:1    | Reached skill level 12 in Fighting
 37120 | Elf:1    | Received a gift from Trog
 38510 | Elf:2    | Found Mosiara's Antique Armour Emporium.
 38511 | Elf:2    | Found Kirif's Magic Scroll Shop.
 38773 | Elf:1    | Received a gift from Trog
 38901 | Elf:2    | Bought the +2 robe of Vines {NoPotionHeal Regen+7} for 1520 gold pieces
 38901 | Elf:2    | Found the +2 robe of Vines {NoPotionHeal Regen+7}
 39022 | Elf:2    | Found Daorchon's Antique Armour Shoppe.
 39050 | Elf:2    | Found Lenusch's Antique Weapon Emporium.
 39213 | Elf:2    | Found a runed gate.
 39213 | Elf:2    | Found a runed gate.
 39219 | Elf:2    | Found Uddemn's General Store.
 39251 | Elf:2    | Received a gift from Trog
 39570 | Elf:2    | Bought a wand of clouds (5) for 513 gold pieces
 39595 | Elf:2    | Found a runed gate.
 39729 | Elf:3    | Entered Level 3 of the Elven Halls
 39988 | Elf:3    | Received a gift from Trog
 40635 | Elf:3    | Reached XP level 17. HP: 108/108 MP: 7/22
 40741 | Elf:3    | Noticed a Brimstone Fiend
 41122 | Elf:2    | Reached skill level 13 in Fighting
 41173 | Elf:2    | Reached ****** piety under Trog
 41684 | Elf:3    | Noticed a deep elf blademaster
 41740 | Elf:2    | Killed a deep elf blademaster
 41869 | Elf:3    | Received a gift from Trog
 41953 | Elf:3    | Found a runed door.
 41953 | Elf:3    | Noticed wont's ghost (adept TrTm)
 42077 | Elf:3    | Reached skill level 14 in Fighting
 42289 | Elf:3    | Killed wont's ghost
 42378 | Elf:3    | Noticed a deep elf master archer
 42454 | Elf:3    | Killed a deep elf master archer
 42521 | Elf:3    | Noticed a deep elf master archer
 42524 | Elf:3    | Reached skill level 15 in Fighting
 42530 | Elf:3    | Killed a deep elf master archer
 42539 | Elf:3    | Noticed a deep elf master archer
 42570 | Elf:3    | Killed a deep elf master archer
 42598 | Elf:3    | Noticed a deep elf blademaster
 42654 | Elf:3    | Killed a deep elf blademaster
 42808 | Elf:3    | Noticed a deep elf master archer
 42854 | Elf:3    | Reached skill level 16 in Fighting
 42900 | Elf:3    | Killed a deep elf master archer
 43381 | Elf:3    | Reached XP level 18. HP: 98/122 MP: 8/23
 43407 | Elf:3    | Received a gift from Trog
 43746 | Elf:3    | Identified the Handbook of the Arsonist
 43757 | Elf:3    | Received a gift from Trog
 43757 | Elf:3    | Reached skill level 17 in Fighting
 43915 | Elf:3    | Got a pair of pitted boots
 43926 | Elf:3    | Identified the +2 pair of boots "Dezoun" {+Blink SInv} (You found it on level 3 of the Elven Halls)
 44235 | Snake:1  | Entered Level 1 of the Snake Pit
 44625 | Snake:1  | Received a gift from Trog
 44644 | Snake:1  | Got a scorched lajatang {god gift}
 44645 | Snake:1  | Identified the +4 lajatang "Oruhopn" {slice, Stlth+} (Trog gifted it to you on level 1 of the Snake Pit)
 44865 | Snake:1  | Reached skill level 18 in Fighting
 46050 | Snake:2  | Reached skill level 19 in Fighting
 46237 | Snake:2  | Got a crystal shortbow
 46254 | Snake:2  | Identified the cursed +0 shortbow "Jiell" {speed, rElec MP+9} (You found it on level 2 of the Snake Pit)
 46978 | Snake:3  | Reached skill level 20 in Fighting
 47105 | Snake:3  | Found a runed gate.
 47107 | Snake:3  | Found a runed gate.
 47108 | Snake:3  | Found a runed gate.
 47108 | Snake:3  | Noticed Paigra's ghost (adept DDFi)
 47170 | Snake:3  | Received a gift from Trog
 47349 | Snake:3  | Noticed Azrael
 47361 | Snake:3  | Killed Azrael
 47362 | Snake:3  | Noticed Kirke
 47378 | Snake:3  | Killed Kirke
 48068 | Snake:4  | Entered Level 4 of the Snake Pit
 48102 | Snake:3  | Reached XP level 19. HP: 119/136 MP: 24/24
 48187 | Snake:4  | Reached skill level 21 in Fighting
 48307 | Snake:4  | Received a gift from Trog
 49738 | Snake:4  | Received a gift from Trog
 50161 | Snake:4  | Reached skill level 22 in Fighting
 50759 | Snake:4  | Received a gift from Trog
 51126 | Snake:4  | Received a gift from Trog
 51214 | Snake:4  | Got a serpentine rune of Zot
 51470 | Swamp:1  | Entered Level 1 of the Swamp
 51627 | Swamp:1  | Reached skill level 23 in Fighting
 51633 | Swamp:1  | Received a gift from Trog
 51816 | Swamp:1  | Reached XP level 20. HP: 148/148 MP: 25/25
 52628 | Swamp:2  | Found a runed door.
 53349 | Swamp:2  | Noticed Vailuq's ghost (adept GrFi)
 53713 | Swamp:2  | Killed Vailuq's ghost
 53819 | Swamp:3  | Received a gift from Trog
 54073 | Swamp:3  | Received a gift from Trog
 54225 | Swamp:3  | Reached skill level 24 in Fighting
 54781 | Swamp:4  | Entered Level 4 of the Swamp
 55622 | Swamp:4  | HP: 3/151 [white very ugly thing (9)]
 55623 | Swamp:4  | HP: 1/151 [poisoned by a green very ugly thing]
 55624 | Swamp:4  | Succumbed to a green very ugly thing's poison

Vault maps used:
D:1:      eino_arrival_water_cross, serial_forest, infiniplex_forest_straight_1,
          infiniplex_forest_straight_4, infiniplex_forest_clump_medium,
          infiniplex_forest_end_1, infiniplex_forest_clump_C,
          infiniplex_forest_lined_room_3, infiniplex_forest_corner_1,
          infiniplex_forest_corner_1
D:3:      first_ration, minmay_misc_feat_enclosed, minivault_24, uniq_robin
D:4:      uniq_menkaure
D:5:      corexii_shantytown, grunt_qazlal_sundering, uniq_grinder
D:6:      gammafunk_temple_overflow_claw, temple_fountains
D:7:      lemuel_crystal_altar, uniq_harold, uniq_duvessa, uniq_pikel
D:8:      kennysheep_mini, lair_entry_dummy, uniq_maurice, uniq_erica
D:10:     orc_0_dummy, basic_altar, uniq_erolcha
D:11:     nicolae_trove_entry_free_sample, uniq_psyche
Lair:1:   gammafunk_ghost_arena
Lair:2:   swamp_mist
Lair:3:   guppyfry_snake_entry_garden, lemuel_fruit_tree
Lair:4:   gammafunk_mikee_crab_dinner
Lair:5:   minmay_slime_entry_oklob_open, lab_entry_generic,
          gammafunk_ghost_cemetery, grunt_megastairs_5
Lair:6:   evilmike_catoblepas_cave, infiniplex_staircase_pool_2, uniq_nessos
Swamp:1:  evilmike_swamp_ruin_rubble_1
Swamp:2:  ebering_ghost_funeral_grove, nicolae_swamp_dense_foliage
Swamp:3:  evilmike_swamp_ruin_house_1
Swamp:4:  swamp_vile, swamp_pool5, kb_tengu_band
Snake:3:  gammafunk_ghost_necromancy, uniq_kirke, uniq_azrael
Snake:4:  snake_pit_salamanders_mu, serial_bayou_lagoon_a, grunt_ministairs_6,
          serial_bayou_lake_a
Orc:1:    ebering_ghost_disaster_area, basic_altar, nicolae_orc_damp_corner,
          uniq_fannar
Orc:2:    st_orc_elflike, serial_shops, shop, nicolae_orc_jurassic_orc,
          uniq_saint_roka
Elf:1:    eino_elf_arrival_sip, kennysheep_underground_church, orc_legates
Elf:2:    serial_shops, nicolae_shop_crystal, nicolae_shop_stone,
          nicolae_shop_behind_doors, shop, nicolae_shop_waterfront
Elf:3:    minmay_elf_hall_circle, ebering_ghost_inner_flame
Lab:      labyrinth_mini_lab, nicolae_lab_garden, nicolae_lab_very_dead_end,
          nicolae_lab_hexagon, labyrinth_lava_lair, nicolae_lab_grate_2

Skill      XL: |  1  2  3  4  5  6  7  8  9 10 11 12 13 14 15 16 17 18 19 20 |
---------------+-------------------------------------------------------------+-----
Stealth        | 1 2 3 4 5 7 9 10 11 12 13 14 | 14.9
Throwing       | 1 2 3 4 5 6 7 8 |  8.0
Armour         | 2 3 4 5 6 7 8 9 10 | 10.4
Dodging        | 3 4 5 7 8 9 10 11 12 13 | 13.1
Fighting       | 4 5 7 8 9 10 11 12 16 20 23 24 | 24.4
Short Blades   | 5 6 8 9 10 11 12 13 14 | 14.5
Evocations     | 1 4 5 7 8 10 | 10.9
Shields        | 1 3 4 5 |  5.7
Crossbows      | 3 6 7 |  7.7

Action                   |  1- 3 |  4- 6 |  7- 9 | 10-12 | 13-15 | 16-18 | 19-21 || total
-------------------------+-------+-------+-------+-------+-------+-------+-------++-------
Melee: Short sword       |    47 |   211 |   519 |    25 |   386 |   999 |  2121 ||  4308
       Dagger            |       |       |    58 |  1119 |   314 |       |       ||  1491
       Rapier            |       |       |       |   607 |    11 |       |       ||   618
       Broad axe         |       |       |       |    18 |       |       |       ||    18
       Scimitar          |       |       |       |    56 |   590 |    41 |    81 ||   768
       Quick blade       |       |       |       |       |    68 |  1115 |    23 ||  1206
 Fire: Blowgun           |       |       |       |     4 |       |       |       ||     4
       Hand crossbow     |       |       |       |       |    28 |       |       ||    28
Throw: Stone             |     4 |    11 |     2 |    12 |    16 |       |       ||    45
       Throwing net      |       |       |       |     4 |       |       |       ||     4
       Tomahawk          |       |       |       |       |     4 |     3 |       ||     7
Invok: Berserk           |     3 |     6 |    12 |    25 |    10 |       |     1 ||    57
       Trog's Hand       |       |     1 |    10 |    11 |    10 |     5 |     6 ||    43
       Brothers in Arms  |       |       |       |       |     5 |    12 |     1 ||    18
Evoke: Wand              |       |       |     1 |    10 |   120 |    42 |    30 ||   203
       Sack of spiders   |       |       |       |       |     3 |       |       ||     3
       Lamp of fire      |       |       |       |       |       |       |     1 ||     1
  Use: Scroll            |       |       |    13 |    11 |    17 |    15 |     8 ||    64
       Potion            |       |       |     3 |    10 |    12 |     1 |     2 ||    28
 Stab: Sleeping          |     1 |     2 |       |     1 |     5 |    20 |    15 ||    44
       Invisible         |       |       |       |     2 |     2 |       |       ||     4
       Held in net/web   |       |       |       |     2 |       |       |       ||     2
       Paralysed         |       |       |       |       |    27 |     3 |       ||    30
       Distracted        |       |       |       |       |       |     9 |     6 ||    15
       Confused          |       |       |       |       |       |     1 |       ||     1
  Eat: Chunk             |     7 |    18 |    27 |    79 |    67 |    43 |    27 ||   268
       Ration            |       |       |       |     2 |     1 |       |     1 ||     4
Armor: Animal skin       |     8 |     8 |       |       |       |       |       ||    16
       Chain mail        |       |    27 |   201 |   269 |       |       |       ||   497
       Skin              |       |       |     5 |     3 |       |       |       ||     8
       Plate armour      |       |       |       |   160 |   391 |       |       ||   551
       Steam dragon scal |       |       |       |    24 |       |       |       ||    24
       Ring mail         |       |       |       |       |    11 |    39 |       ||    50
       Robe              |       |       |       |       |       |    87 |   198 ||   285
Dodge: Dodged            |    25 |   142 |   271 |   593 |   513 |   637 |   771 ||  2952
Block: Shield            |       |       |       |   241 |       |   126 |   753 ||  1120
       Buckler           |       |       |       |    18 |   357 |   262 |       ||   637
       Rpst.: Scimitar   |       |       |       |     5 |    74 |     4 |    16 ||    99

Table legend:
 A = Spawn XP
 B = Non-spawn XP
 C = Spawn XP percentage of total XP
 D = Spawn monster count
 E = Non-spawn monster count
 F = Spawn count percentage of total count
 G = Total turns spent on level
                    A         B        C        D         E        F      G
               +---------+---------+-------+---------+---------+-------+---------
         Total |       0 |  388480 |   0.0 |       0 |    1055 |   0.0 | 55624
               +---------+---------+-------+---------+---------+-------+---------
           D:1 |       0 |      16 |   0.0 |       0 |      10 |   0.0 |  1129
           D:2 |       0 |     333 |   0.0 |       0 |      22 |   0.0 |  1542
           D:3 |       0 |     143 |   0.0 |       0 |      38 |   0.0 |  1124
           D:4 |       0 |     563 |   0.0 |       0 |      28 |   0.0 |  1429
           D:5 |       0 |    1706 |   0.0 |       0 |      44 |   0.0 |  1611
           D:6 |       0 |     596 |   0.0 |       0 |      23 |   0.0 |   884
           D:7 |       0 |    3936 |   0.0 |       0 |      24 |   0.0 |  2152
           D:8 |       0 |    2564 |   0.0 |       0 |      16 |   0.0 |  1440
           D:9 |       0 |    2268 |   0.0 |       0 |      26 |   0.0 |  1819
          D:10 |       0 |    4320 |   0.0 |       0 |      28 |   0.0 |  2432
          D:11 |       0 |    3642 |   0.0 |       0 |      22 |   0.0 |  1765
        Lair:1 |       0 |    6370 |   0.0 |       0 |      28 |   0.0 |  1702
        Lair:2 |       0 |    9703 |   0.0 |       0 |      28 |   0.0 |  2090
        Lair:3 |       0 |    6502 |   0.0 |       0 |      27 |   0.0 |  2136
        Lair:4 |       0 |   12753 |   0.0 |       0 |      15 |   0.0 |  1589
        Lair:5 |       0 |    7702 |   0.0 |       0 |      18 |   0.0 |  2167
        Lair:6 |       0 |   19890 |   0.0 |       0 |      57 |   0.0 |  2839
       Swamp:1 |       0 |   10743 |   0.0 |       0 |      34 |   0.0 |  1101
       Swamp:2 |       0 |   19359 |   0.0 |       0 |      53 |   0.0 |  1237
       Swamp:3 |       0 |   12439 |   0.0 |       0 |      22 |   0.0 |   895
       Swamp:4 |       0 |   13978 |   0.0 |       0 |      38 |   0.0 |   843
       Snake:1 |       0 |   17306 |   0.0 |       0 |      32 |   0.0 |  1599
       Snake:2 |       0 |    9955 |   0.0 |       0 |      15 |   0.0 |   852
       Snake:3 |       0 |   26304 |   0.0 |       0 |      51 |   0.0 |  1504
       Snake:4 |       0 |   62216 |   0.0 |       0 |      92 |   0.0 |  3210
         Orc:1 |       0 |    7099 |   0.0 |       0 |      57 |   0.0 |  3308
         Orc:2 |       0 |   10194 |   0.0 |       0 |      57 |   0.0 |  1585
         Elf:1 |       0 |   27328 |   0.0 |       0 |      58 |   0.0 |  3829
         Elf:2 |       0 |   30031 |   0.0 |       0 |      39 |   0.0 |  2458
         Elf:3 |       0 |   56986 |   0.0 |       0 |      49 |   0.0 |  2754
           Lab |       0 |    1535 |   0.0 |       0 |       4 |   0.0 |   599
               +---------+---------+-------+---------+---------+-------+---------
